Workbook

Sheet Comp_Form
A1: Church/Parish | D1: Status | E1: Full or Part-Time
A3: Pastor | D3: Effective Date
A6: SECTION I: INCOME
A7: Note: Designated Housing Exclusion does not affect church financially but can reduce pastor’s taxable income. The amount is determined by the pastor but must be approved by the church leadership.
E9: 2027
A10: A. Base Salary
A11: B. Other (e.g. social security allowance or health ins. allowance)
A12: Describe:
A13: C. Total Compensation (Add lines A and B) | E13: =E11+E10 -> 0
A14: D. Designated Housing Exclusion
A17: SECTION II: HOUSING
A18: Note: Cash Housing Allowance amount is set by the church as additional and can be paid out with the regular paycheck or in a separate check.
A20: A. Is a Parsonage provided? (yes or no)
E22: =E9 -> 2027
A23: B. Cash Housing Allowance (when no parsonage is provided)
A26: SECTION III: LOCAL PARISH EXPENSES
A27: Note: Costs for pension and health depend on the pastor’s eligibility and elections. The best place to go for the most current info is to contact benefits@globalmethodist.org or visit https://www.guidestone.org/updates/global-methodist-church
E29: =E9 -> 2027
A30: A. Retirement (Church's Share) | E30: =ROUND(IF(AND(OR(D2=Data!A2,D2=Data!A3,D2=Data!A6),OR(E2=Data!B2,E2=Data!B3,E2=Data!B4)),5%*(E13+IF(E20=Data!E2,E13*0.25,E23))+IF(E60>5%,5%*(E13+IF(E20=Data!E2,E13*0.25,E23)),E62),0),0) -> 0 | G30: =IF(AND(ISBLANK($E$60),$E$30>0),"Add the Pastor's Contribution Percentage in Section IV; Line E","")
A31: B. Health Insurance (Church's Share) | C31: Coverage? | E31: =IFERROR(VLOOKUP(D31,Data!$C$2:$D$18,2,FALSE),0) -> 0
A32: C. Long-Term Disability Insurance (Not including supplemental amounts)
A33: D. Life & Accident Insurance (Not including optional amounts)
A34: E. Accountable Reimbursement Plan
A35: F. Other Expenses Paid by Parish
A36: Describe:
A37: G. Total Expenses Paid by Parish (Add Lines I:C + II:B + III:A – F) | E37: =E30+E31+E32+E34+E35+E23+E13+E33 -> 0
A40: Breakdown of how Parish Expenses are shared among Churches
A41: Percent:
A42: Church Name:
A43: Share of Cost: | B43: =$E$37*B41 -> 0 | C43: =$E$37*C41 -> 0 | D43: =$E$37*D41 -> 0 | E43: =E41*$E$37 -> 0
A45: SECTION IV: SALARY WITHHOLDINGS (Optional)
A46: Note: The amounts can be found in the Employer Access Program (https://eap.guidestone.org/). Remember to use annual amounts.
E48: =E9 -> 2027
A49: Pastor's Contribution to Health Insurance
A50: A. Pastor’s Share (Before Tax; Equals Premium minus Church Share) | E50: =IFERROR(VLOOKUP(D50,Data!$M$2:$N$18,2,FALSE),0) -> 0
A51: B. Health Savings Account (Before Tax; Employee share only)
A52: B1. HSA Employer Share (Not withheld but needed for W-2) | E52: =IFERROR(VLOOKUP(D52,Data!$O$2:$P$18,2,FALSE),0) -> 0
A53: C. Health Care Flexible Spending (Before Tax)
A54: D. Dependent Care Flexible Spending (Before Tax)
A55: E. Dental Coverage (Before Tax) | E55: =IFERROR(VLOOKUP(D55,Data!$I$2:$J$14,2,FALSE),0) -> 0
A56: F. Vision Coverage (Before Tax) | E56: =IFERROR(VLOOKUP(D56,Data!$K$2:$L$10,2,FALSE),0) -> 0
A57: G. Optional or Supplemental Coverages (After Tax)
A59: Pastor's Contribution to Retirement
A60: E. Pastor’s Contribution Percentage | E60: 0 | G60: =IF(AND(ISBLANK($E$60),$E$30>0),"Add the Pastor's Contribution Percentage to calculate the Church's Share","")
A61: F. Pastor’s Contribution Type | E61: Tax Sheltered
A62: G. Pastor’s Contribution to Retirement | E62: =ROUND(E60*(E13+IF(E20=Data!E2,E13*0.25,E23)),0) -> 0
A65: SECTION V: PAYROLL, TAXES, & BILLING (Information Only)
A66: Note: You may need to contact a clergy tax professional.
A68: How often paid? | D68: Form W-2
A69: Tax Withheld: | C69: Per Paycheck | D69: Box 1: | E69: =E13-E14-E51-E53-E54-E55-E56-E72-IF(E50>0,E50,0) -> 0
A70: Paycheck Amount: | B70: =ROUND((E13+E23-IF(E50<0,0,E50)-E51-E53-E54-E55-E56-E57-E62)/VLOOKUP(B68,Data!G2:H5,2,FALSE),2)-B69 -> #N/A | D70: Box 2: | E70: =VLOOKUP(B68,Data!G2:H5,2,FALSE)*B69 -> #N/A
D71: Box 10: | E71: =E54 -> 0
B72: Church Share | C72: Pastor Share | D72: Box 12 (Code E): | E72: =IF(E61=Data!F2,E62,0) -> 0
A73: Insurance paid to GuideStone: | D73: Box 12 (Code BB): | E73: =IF(E61=Data!F3,E62,0) -> 0
B74: =E31/12 -> 0 | C74: =(E50+E55+E56)/12 -> 0 | D74: Box 12 (Code W): | E74: =E52+E51 -> 0
A75: Retirement paid to GuideStone: | D75: *Box 14: | E75: =E14+E23 -> 0
B76: =E30/12 -> 0 | C76: =E62/12 -> 0 | D76: *If parsonage provided include fair market rental value on W2
A77: HSA and Flex Spending to EBC:
B78: =E52/12 -> 0 | C78: =(E51+E53+E54)/12 -> 0

Sheet Data
A1: Status | B1: Time | C1: Health | D1: Church Share | E1: Parsonage | F1: Covenant | G1: Frequency | I1: Dental | K1: Vision | M1: Health | N1: Pastor Share | O1: HSA
A2: Elder | B2: Full-Time | C2: Opt Out | D2: 0 | E2: Yes | F2: Tax Sheltered | G2: Semi-Monthly | H2: 24 | I2: Opt Out | J2: 0 | K2: Opt Out | L2: 0 | M2: Opt Out | N2: 0 | O2: Opt Out | P2: 0
A3: Deacon | B3: ¾-Time | C3: Pastor Only HealthChoice 2000 | D3: =(1024.11*12) -> 12289.32 | E3: No | F3: ROTH | G3: Monthly | H3: 12 | I3: Pastor Premier | J3: =39.15*12 -> 469.8 | K3: Pastor Advanced | L3: =11.56*12 -> 138.72 | M3: Pastor Only HealthChoice 2000 | N3: =88.22*12 -> 1058.64 | O3: Pastor Only HealthChoice 2000 | P3: 0
A4: Lay Minister | B4: ½-Time | C4: Pastor + Spouse HealthChoice 2000 | D4: =(1931.17*12) -> 23174.04 | G4: Bi-Weekly | H4: 26 | I4: Pastor + Spouse Premier | J4: =78.3*12 -> 939.6 | K4: Pastor + Spouse Advanced | L4: =20.33*12 -> 243.96 | M4: Pastor + Spouse HealthChoice 2000 | N4: =182.25*12 -> 2187 | O4: Pastor + Spouse HealthChoice 2000 | P4: 0
A5: Senior (Retired) | B5: ¼-Time | C5: Pastor + Kid(s) HealthChoice 2000 | D5: =1931.17*12 -> 23174.04 | G5: Weekly | H5: 52 | I5: Pastor + Kids Premier | J5: =97.88*12 -> 1174.56 | K5: Pastor + Kid(s) Advanced | L5: =21.57*12 -> 258.84 | M5: Pastor + Kid(s) HealthChoice 2000 | N5: =182.25*12 -> 2187 | O5: Pastor + Kid(s) HealthChoice 2000 | P5: 0
A6: Supply Pastor | C6: Family HealthChoice 2000 | D6: =2633.4*12 -> 31600.8 | I6: Family Premier | J6: =137.03*12 -> 1644.36 | K6: Family Advanced | L6: =32.81*12 -> 393.72 | M6: Family HealthChoice 2000 | N6: =258.65*12 -> 3103.8 | O6: Family HealthChoice 2000 | P6: 0
A7: Other | C7: Pastor Only HealthChoice 5000 | D7: =1024.11*12 -> 12289.32 | I7: Pastor Choice Plus | J7: =28.92*12 -> 347.04 | K7: Pastor Standard | L7: =9.1*12 -> 109.2 | M7: Pastor Only HealthChoice 5000 | N7: =12.3*12 -> 147.6 | O7: Pastor Only HealthChoice 5000 | P7: 0
C8: Pastor + Spouse HealthChoice 5000 | D8: =1931.17*12 -> 23174.04 | I8: Pastor + Spouse Choice | J8: =57.84*12 -> 694.08 | K8: Pastor + Spouse Standard | L8: =15.55*12 -> 186.6 | M8: Pastor + Spouse HealthChoice 5000 | N8: =37.99*12 -> 455.88 | O8: Pastor + Spouse HealthChoice 5000 | P8: 0
C9: Pastor + Kid(s) HealthChoice 5000 | D9: =1931.17*12 -> 23174.04 | I9: Pastor + Kids Choice | J9: =72.3*12 -> 867.6 | K9: Pastor + Kid(s) Standard | L9: =16.48*12 -> 197.76 | M9: Pastor + Kid(s) HealthChoice 5000 | N9: =37.99*12 -> 455.88 | O9: Pastor + Kid(s) HealthChoice 5000 | P9: 0
C10: Family HealthChoice 5000 | D10: =2633.4*12 -> 31600.8 | I10: Family Choice | J10: =101.22*12 -> 1214.64 | K10: Family Standard | L10: =24.73*12 -> 296.76 | M10: Family HealthChoice 5000 | N10: =61.25*12 -> 735 | O10: Family HealthChoice 5000 | P10: 0
C11: Pastor Only HealthSavers 2000 | D11: =(926.58+97.53)*12 -> 12289.32 | I11: Pastor Cigna | J11: =25.06*12 -> 300.72 | M11: Pastor Only HealthSavers 2000 | N11: =125.5*12 -> 1506 | O11: Pastor Only HealthSavers 2000 | P11: =(97.53)*12 -> 1170.36
C12: Pastor + Spouse HealthSavers 2000 | D12: =(1736.1+195.07)*12 -> 23174.04 | I12: Pastor + Spouse Cigna | J12: =42.35*12 -> 508.2 | M12: Pastor + Spouse HealthSavers 2000 | N12: =262.83*12 -> 3153.96 | O12: Pastor + Spouse HealthSavers 2000 | P12: =(195.07)*12 -> 2340.84
C13: Pastor + Kid(s) HealthSavers 2000 | D13: =(1736.1+195.07)*12 -> 23174.04 | I13: Pastor + Kids Cigna | J13: =59.14*12 -> 709.68 | M13: Pastor + Kid(s) HealthSavers 2000 | N13: =262.83*12 -> 3153.96 | O13: Pastor + Kid(s) HealthSavers 2000 | P13: =(195.07)*12 -> 2340.84
C14: Family HealthSavers 2000 | D14: =(2438.33+195.07)*12 -> 31600.8 | I14: Family Cigna | J14: =69.67*12 -> 836.04 | M14: Family HealthSavers 2000 | N14: =297.06*12 -> 3564.72 | O14: Family HealthSavers 2000 | P14: =(195.07)*12 -> 2340.84
C15: Pastor HealthSavers 4000 | D15: =(907.46+97.53+19.12)*12 -> 12289.32 | M15: Pastor HealthSavers 4000 | N15: 0 | O15: Pastor HealthSavers 4000 | P15: =(97.53+19.12)*12 -> 1399.8
C16: Pastor + Spouse HealthSavers 4000 | D16: =(1724.16+195.07+11.94)*12 -> 23174.04 | M16: Pastor + Spouse HealthSavers 4000 | N16: 0 | O16: Pastor + Spouse HealthSavers 4000 | P16: =(195.07+11.94)*12 -> 2484.12
C17: Pastor + Kid(s) HealthSavers 4000 | D17: =(1724.16+195.07+11.94)*12 -> 23174.04 | M17: Pastor + Kid(s) HealthSavers 4000 | N17: 0 | O17: Pastor + Kid(s) HealthSavers 4000 | P17: =(195.07+11.94)*12 -> 2484.12
C18: Family HealthSavers 4000 | D18: =(2359.38+195.07+78.95)*12 -> 31600.8 | M18: Family HealthSavers 4000 | N18: 0 | O18: Family HealthSavers 4000 | P18: =(195.07+78.95)*12 -> 3288.24
